 Dungeon Crawl Stone Soup version 0.29.0-4-gdea44cf6ec (webtiles) character file.

Game seed: 2330978955250419884

48 qw the Chopper (level 3, -3/21 HPs)
             Began as a Tengu Warper on Aug 28, 2022.
             Slain by an orc
             ... wielding a +4 flail
              (7 damage)
             ... on level 3 of the Dungeon.
             The game lasted 00:00:11 (2048 turns).

qw the Chopper (Tengu Warper)                       Turns: 2048, Time: 00:00:12

Health: -3/21      AC: 10    Str: 13    XL:     3   Next: 72%
Magic:  7/7        EV:  3    Int: 13    God:
Gold:   114        SH:  0    Dex: 13    Spells: 6/6 levels left

rFire   . . .      SeeInvis .   Y - +0 hand axe
rCold   . . .      Faith    .   (no shield)
rNeg    + . .      Spirit   .   g - +0 plate armour
rPois   .          Reflect  .   (helmet restricted)
rElec   .          Harm     .   (no cloak)
rCorr   .          Rampage  .   (no gloves)
Will    .....                   (boots unavailable)
Stlth   ..........              (no amulet)
HPRegen 0.07/turn               i - ring of positive energy
MPRegen 0.10/turn               (no ring)

@: no status effects
A: beak, talons 3
a: no special abilities


You were on level 3 of the Dungeon.
You visited 1 branch of the dungeon, and saw 3 of its levels.

You collected 114 gold pieces.


Innate Abilities, Weirdness & Mutations

You have a beak for a mouth.
You have claws for feet.


   Skills:
 - Level 2.0 Fighting
 + Level 4.0 Axes
 - Level 1.0 Throwing
 - Level 2.0 Armour
 - Level 2.1 Dodging
 - Level 2.0 Spellcasting
 - Level 2.4 Translocations


You had 6 spell levels left.
You didn't know any spells.
Your spell library contained the following spells:

 Spells                   Type           Power      Damage    Failure   Level
 Blink                    Tloc           14%        N/A       100%        2
 Gell's Gravitas          Tloc           7%         N/A       100%        3
 Lesser Beckoning         Tloc           7%         N/A       100%        3
 Teleport Other           Tloc           7%         N/A       100%        3
 Manifold Assault         Tloc           7%         N/A       100%        5

Inventory:

Hand Weapons
 c - a +0 whip
 Y - a +0 hand axe (weapon)
Armour
 g - a +0 plate armour (worn)
Jewellery
 i - a ring of positive energy (left hand)
Scrolls
 a - a scroll of identify
 d - a scroll of vulnerability {unknown}
Potions
 b - a potion of magic {unknown}
 f - a potion of lignification {unknown}
 h - a potion of flight {unknown}

Dungeon Overview and Level Annotations

Branches:
Dungeon (3/15)

Altars:


Message History

There is a stone staircase leading up here.
Found a stone staircase leading down.
Enter note: A rat comes into view.
You hit the rat but do no damage. The rat bites you but does no damage.
You hit the rat. You claw the rat.
You kill the rat!
d - a scroll labelled YFOEZX HEIMAEG You enter the shallow water.
Moving in this stuff is going to be slow.
Found a stone staircase leading down.
Enter note:
Enter note:
Found a club.
You see here a +0 club.
An orc comes into view. It is wielding a +4 flail.
The orc shouts!
You hear a shout!
A giant cockroach comes into view.
You hear a shout!
2041 ||| Stepping ~*~*~tactically~*~*~ (stealth).
An orc comes into view. It is wielding a +0 dagger.
The orc shouts!
You hear a shout!
An orc comes into view. It is wielding a +0 short sword.
You closely miss the orc. You claw the orc!
You kill the orc!
You hit the orc but do no damage. The orc hits you with a +4 flail!
Ouch! That really hurt!
The orc hits you with a +4 flail.
Your Armour skill increases to level 2!
You barely miss the orc.
You completely miss the giant cockroach.
The giant cockroach bites you.
The giant cockroach bites you but does no damage.
The orc hits you but does no damage.
You hit the orc but do no damage.
You hit the giant cockroach but do no damage.
The giant cockroach barely misses you. The orc hits you with a +4 flail!
You die...

..... ....
....B.....##
#... o... .#
... ...#..# ..
... ..## #o
#.#.....
#B##.#..#
.###.@o....#
..........#.##
##.######.#.#
#.# #)#.# #.#
#.#.# ### #.#
#.#.####....
#.#
#..........#
#.#####.###
###....>....
..........#
#.######.#


You could see 2 orcs and a giant cockroach.

Vanquished Creatures
  An orc (D:3)
  2 ball pythons
  4 bats (D:1)
  7 endoplasms
  5 goblins
  3 hobgoblins (D:1)
  10 kobolds
  3 quokkas (D:1)
  3 frilled lizards (D:1)
  4 rats
42 creatures vanquished.

Notes
Turn   | Place    | Note
-------+----------+-------------------------------------------
     0 | D:1      | qw the Tengu Warper began the quest for the Orb.
     0 | D:1      | Reached XP level 1. HP: 12/12 MP: 4/4
     0 | D:1      | 0 ||| qw: Version: 0.1-a-89-g26bdef1
     0 | D:1      | 0 ||| qw: Game counter: 1001
     0 | D:1      | 0 ||| qw: Always use a shield: true
     0 | D:1      | 0 ||| qw: God list: Okawaru
     0 | D:1      | 0 ||| qw: Allow faded altars: false
     0 | D:1      | 0 ||| qw: Do Orc after D:15 true
     0 | D:1      | 0 ||| qw: Do second Lair branch before Depths: true
     0 | D:1      | 0 ||| qw: Lair rune preference: random
     0 | D:1      | 0 ||| qw: Plans: Normal
     0 | D:1      | 0 ||| PLANNING D:1-11
    57 | D:1      | Reached XP level 2. HP: 17/17 MP: 6/6
    65 | D:1      | Reached skill level 3 in Axes
   674 | D:1      | Found a faded altar of an unknown god.
   693 | D:1      | 693 ||| Stepping ~*~*~tactically~*~*~ (stealth).
   702 | D:1      | Reached XP level 3. HP: 16/21 MP: 7/7
   991 | D:1      | 991 ||| UPGRADING to +0 plate armour.
  1001 | D:1      | 1001 ||| DROPPING +0 leather armour.
  1002 | D:1      | 1002 ||| DROPPING amulet of faith.
  1003 | D:1      | 1003 ||| UPGRADING to ring of positive energy.
  1004 | D:1      | 1004 ||| READING 2 scrolls labelled SEGOKLUANE.
  1005 | D:1      | 1005 ||| READING scroll labelled PICZIRGHADOL.
  1010 | D:1      | 1010 ||| DROPPING scroll of blinking.
  1054 | D:2      | Reached skill level 4 in Axes
  1117 | D:2      | 1117 ||| DROPPING +0 club.
  1332 | D:2      | 1332 ||| Stepping ~*~*~tactically~*~*~ (stealth).
  1716 | D:2      | 1716 ||| Stepping ~*~*~tactically~*~*~ (stealth).
  1906 | D:2      | 1906 ||| DRINKING 2 metallic emerald potions.
  1907 | D:2      | 1907 ||| DROPPING potion of invisibility.
  2041 | D:3      | 2041 ||| Stepping ~*~*~tactically~*~*~ (stealth).
  2046 | D:3      | HP: 5/21 [orc/+4 flail (5)]
  2048 | D:3      | Slain by an orc

Levels and vault maps discovered:
D:1:      saegor_arrival_simple_e, layout_rooms,
          hellmonk_ecumenical_altar_crossroads
D:2:      layout_loops_corners
D:3:      layout_loops_ring, serial_rivers, chequers_serial_rivers_micro_a,
          chequers_serial_rivers_micro_e, chequers_serial_rivers_micro_a,
          chequers_serial_rivers_small_b, nicolae_kite_square_tiling_tiny

Skill      XL: |  1  2  3 |
---------------+----------+-----
Axes           | 3 4 |  4.0
Armour         | 2 |  2.0
Fighting       | |  2.0
Throwing       | |  1.0
Dodging        | |  2.1
Spellcasting   | |  2.0
Translocations | |  2.4

Action                   || total
-------------------------++-------
Melee: Hand axe          ||    98
       Kick              ||    27
       Peck              ||    13
Throw: Boomerang         ||     7
  Use: Scroll            ||     2
       Potion            ||     1
Armor: Leather armour    ||    15
       Plate armour      ||    12
Dodge: Dodged            ||    33

Table legend:
 A = Non-vault XP
 B = Vault XP
 C = Vault XP percentage of total XP
 D = Non-vault monster count
 E = Vault monster count
 F = Vault count percentage of total count
                 A         B        C        D         E       F
            +---------+---------+-------+---------+---------+-------
      Total |      69 |       0 |   0.0 |      42 |       0 |   0.0
            +---------+---------+-------+---------+---------+-------
        D:1 |      44 |       0 |   0.0 |      28 |       0 |   0.0
        D:2 |      19 |       0 |   0.0 |      11 |       0 |   0.0
        D:3 |       6 |       0 |   0.0 |       3 |       0 |   0.0
            +---------+---------+-------+---------+---------+-------
